 Dungeon Crawl Stone Soup version 0.28.0-45-g0d030f2227 (webtiles) character file.

Game seed: 14313960705978336704

172 protoss039 the Digger (level 5, -7/41 HPs)
             Began as a Demonspawn Earth Elementalist on May 17, 2022.
             Mangled by an orc warrior
             ... wielding a +0 dire flail
              (17 damage)
             ... on level 3 of the Dungeon.
             The game lasted 00:05:42 (3140 turns).

protoss039 the Digger (DsEE)                        Turns: 3140, Time: 00:05:42

Health: -7/41      AC:  5    Str:  8    XL:     5   Next: 27%
Magic:  4/9        EV: 10    Int: 18    God:
Gold:   131        SH:  0    Dex: 14    Spells: 3/9 levels left

rFire   . . .      SeeInvis .   l - +1 dagger (freeze)
rCold   . . .      Faith    .   (no shield)
rNeg    . . .      Spirit   .   i - +0 ring mail
rPois   .          Reflect  .   (no helmet)
rElec   .          Harm     .   (no cloak)
rCorr   .          Rampage  .   (no gloves)
Will    .....                   (no boots)
Stlth   +.........              (no amulet)
HPRegen 0.13/turn               (no ring)
MPRegen 0.11/turn               (no ring)

@: no status effects
A: demonic guardian 1, demonic magic 1, weakness stinger 1
a: no special abilities


You were on level 3 of the Dungeon.
You visited 1 branch of the dungeon, and saw 3 of its levels.

You collected 131 gold pieces.

Inventory:

Hand Weapons
 l - a +1 dagger of freezing (weapon)
Missiles
 c - 112 stones
 d - 3 javelins
Armour
 b - a +0 robe
 i - a +0 ring mail (worn)
 m - a +0 cloak
Scrolls
 f - a scroll of holy word {unknown}
 g - a scroll of identify {unknown}
 h - a scroll of magic mapping {unknown}
 j - 2 scrolls of teleportation {unknown}
 k - a scroll of immolation {unknown}
Potions
 a - a potion of resistance {unknown}
 e - 2 potions of curing {unknown}


   Skills:
 * Level 3.2 Fighting
 - Level 1.7 Dodging
 - Level 1.7 Stealth
 + Level 2.9 Spellcasting
 + Level 1.3 Conjurations
 - Level 1.0 Transmutations
 + Level 3.4 Earth Magic


You had 3 spell levels left.
You knew the following spells:

 Your Spells              Type           Power      Damage    Failure   Level
a - Sandblast             Erth           30%        2d9       12%         1
b - Passwall              Tmut/Erth      8%         N/A       30%         2
c - Stone Arrow           Conj/Erth      22%        3d8       50%         3

Your spell library contained the following spells:

 Spells                   Type           Power      Damage    Failure   Level
 Summon Guardian Golem    Hex/Summ       2%         N/A       83%         3
 Petrify                  Tmut/Erth      10%        N/A       90%         4
 Orb of Destruction       Conj           3%         9d5       100%        7
 Spellforged Servitor     Conj/Summ      2%         N/A       100%        7


Dungeon Overview and Level Annotations

Branches:
Dungeon (3/15)

Altars:

Annotations:
D:3 1 runed translucent door, Seraphu's ghost, amateur GnWn


Innate Abilities, Weirdness & Mutations

A weak demonic guardian rushes to your aid.
Spells you cast may paralyse adjacent enemies.
You have a small tail.


Message History

Confirm with . or Enter, or press ? or * to list all spells.
Aiming: Sandblast (safe; 12% risk of failure)
Press: ? - help, Shift-Dir - straight line, f/p - orc warrior
Aim: an orc warrior, wielding a +0 dire flail and wearing a +0 plate armour (moderately wounded, 79% to hit)
The blast of sand hits the orc warrior.
The orc warrior is heavily wounded.
Malevolent energies surge around you. The orc warrior barely misses you.
Unknown command.
The orc wizard mumbles some strange words.
The orc wizard flickers and vanishes!
Casting: Sandblast (safe; 12% risk of failure)
Confirm with . or Enter, or press ? or * to list all spells.
Aiming: Sandblast (safe; 12% risk of failure)
Press: ? - help, Shift-Dir - straight line, f/p - orc warrior
Aim: an orc warrior, wielding a +0 dire flail and wearing a +0 plate armour (heavily wounded, 79% to hit)
The blast of sand hits the orc warrior.
The orc warrior is heavily wounded.
Malevolent energies surge around you.
The orc warrior hits you with a +0 dire flail.
A demonic guardian appears!
Casting: Sandblast (safe; 12% risk of failure)
Confirm with . or Enter, or press ? or * to list all spells.
Aiming: Sandblast (safe; 12% risk of failure)
Press: ? - help, Shift-Dir - straight line, f/p - orc warrior
Aim: an orc warrior, wielding a +0 dire flail and wearing a +0 plate armour (heavily wounded, 79% to hit)
The blast of sand hits the orc warrior but does no damage.
The orc warrior is heavily wounded.
Malevolent energies surge around you.
The orc warrior hits you with a +0 dire flail!
* * * LOW HITPOINT WARNING * * *
Casting: Sandblast (safe; 12% risk of failure)
Confirm with . or Enter, or press ? or * to list all spells.
Aiming: Sandblast (safe; 12% risk of failure)
Press: ? - help, Shift-Dir - straight line, f/p - orc warrior
Aim: an orc warrior, wielding a +0 dire flail and wearing a +0 plate armour (heavily wounded, ally target, 79% to hit)
The blast of sand hits the orc warrior but does no damage.
The orc warrior is heavily wounded.
Malevolent energies surge around you.
The orc warrior hits you with a +0 dire flail!
You die...

#......# #......#
###.#.##.# ###...##
#........# ##.###
#......### #.# # #......#
#.# #......# ##'##
#.....## ##...## ###.####
##.....# #
#@##.######.......
.###.###o#...#P8P#.......
.......5.)...#.$W#.......
.####........##+##.......
#.##.##..#...........
#.##.###.#....#.....#
#.##.###.##...##...##
#.##..##.########o##
#.###.##.# #.#


You could see an orc warrior (ally target) and a friendly iron imp (summoned).

Vanquished Creatures
  3 adders
  2 dart slugs (D:1)
  7 endoplasms
  2 giant cockroaches
  3 goblins
  6 hobgoblins
  3 jackals (D:3)
  6 kobolds
  A quokka (D:1)
  3 bats
  3 frilled lizards
  9 rats
48 creatures vanquished.

Vanquished Creatures (collateral kills)
  An ogre (D:3)
  A kobold (D:2)
2 creatures vanquished.

Vanquished Creatures (others)
  2 withered plants (D:3)
2 creatures vanquished.

Grand Total: 52 creatures vanquished

Notes
Turn   | Place    | Note
-------+----------+-------------------------------------------
     0 | D:1      | protoss039 the Demonspawn Earth Elementalist began the
                  | quest for the Orb.
     0 | D:1      | Reached XP level 1. HP: 13/13 MP: 3/3
    41 | D:1      | Reached skill level 1 in Transmutations
   218 | D:1      | Reached skill level 1 in Fighting
   321 | D:1      | Gained mutation: Spells you cast may paralyse adjacent
                  | enemies. [demonic ancestry]
   321 | D:1      | Reached XP level 2. HP: 21/21 MP: 1/5
  1471 | D:1      | Learned a level 2 spell: Passwall
  1502 | D:2      | Gained mutation: A weak demonic guardian rushes to your
                  | aid. [demonic ancestry]
  1502 | D:2      | Reached XP level 3. HP: 27/27 MP: 6/6
  1944 | D:2      | You fall into a shaft and drop 1 floor!
  2017 | D:3      | Learned a level 3 spell: Stone Arrow
  2116 | D:3      | Noticed an ogre
  2138 | D:3      | Killed an ogre
  2139 | D:3      | Reached skill level 1 in Conjurations
  2139 | D:3      | Discovered your monstrous ancestry.
  2139 | D:3      | Gained mutation: You have a small tail. [demonic ancestry]
  2139 | D:3      | Reached XP level 4. HP: 12/35 MP: 3/8
  2139 | D:3      | Reached XP level 5. HP: 14/41 MP: 3/9
  2436 | D:3      | Found a faded altar of an unknown god.
  2995 | D:3      | Noticed Seraphu's ghost (amateur GnWn)
  3012 | D:3      | Found a runed translucent door.
  3076 | D:3      | Noticed an orc warrior
  3140 | D:3      | Mangled by an orc warrior

Illustrated notes

Levels and vault maps discovered:
D:1:      zaba_arrival_water, layout_rooms, minmay_tromino_v4_b
D:2:      layout_basic, wad_floor_pattern_untrapped
D:3:      layout_loops_corners, gammafunk_ghost_grave,
          hellmonk_ecumenical_altar_run_dry, kennysheep_small_spiral, uniq_ijyb

Skill      XL: |  1  2  3 |
---------------+----------+-----
Transmutations | 1 |  1.0
Fighting       | 1 3 |  3.2
Earth Magic    | 3 |  3.4
Conjurations   | 1 |  1.3
Dodging        | |  1.7
Stealth        | |  1.7
Spellcasting   | |  2.9

Action                   |  1- 3 |  4- 6 || total
-------------------------+-------+-------++-------
Melee: Dagger            |    65 |    28 ||    93
       Unarmed           |     2 |       ||     2
       Short sword       |    35 |    28 ||    63
       Tailslap          |       |    10 ||    10
       Punch             |       |     1 ||     1
 Cast: Sandblast         |    24 |    11 ||    35
 Stab: Sleeping          |     3 |     1 ||     4
       Paralysed         |     1 |       ||     1
Armor: Robe              |    11 |       ||    11
       Ring mail         |     1 |    24 ||    25
Dodge: Dodged            |    66 |    32 ||    98
